Cogmind - Beta 14 @@@ ROGUE MODE // 2025.03.10 @ 13:25:53 Player: IA-Sg3M Result: Destroyed self with Rocket Launcher Performance ------------- Evolutions (0) 0 Regions Visited (4) 800 Robots Destroyed (38) 190 Value Destroyed (814) 814 Prototype IDs (25) 500 Alien Tech Used (0) 0 Bonus (324) 324 TOTAL SCORE: 2628 Bonus ------- High Alert Combat Kills 24 Aligned with FarCom 300 Cogmind --------- Core Integrity 0/250 Matter 223/300 Energy 250/250 System Corruption 0% Temperature Cool (23) Movement Rolling (155) Ox5 Location -9/Mines Parts ------- > --- POWER (1) -------- Ion Engine > --- PROPULSION (2) --- Wheel > --- UTILITY (2) ------ High-capacity Storage Unit > --- WEAPON (2) ------- Grenade Launcher Rocket Launcher > --- INVENTORY (20) --- Light Treads Light Treads Aluminum Leg High-capacity Storage Unit High-capacity Matter Pod (188) Seismic Detector Targeting Computer Hacking Suite EM Pulse Gun Beam Cannon Beam Cannon AWS/Autocannon Grenade Launcher Peak State ------------ > --- POWER ------------ Ion Engine > --- PROPULSION ------- Light Treads Wheel > --- UTILITY ---------- Heat Sink Large Storage Unit > --- WEAPON ----------- Beam Cannon Grenade Launcher > --- INVENTORY -------- Light Treads Aluminum Leg Wheel High-capacity Matter Pod Seismic Detector Targeting Computer Hacking Suite EM Pulse Gun Beam Cannon AWS/Autocannon Grenade Launcher Grenade Launcher Rocket Launcher [Rating: 11] Favorites ----------- Power Ion Engine Engine Ion Engine Propulsion Light Treads Treads Light Treads Leg Aluminum Leg Wheel Compact Wheel Utility Heat Sink Device Heat Sink Storage Large Storage Unit Weapon Beam Cannon Energy Gun Small Laser Energy Cannon Beam Cannon Ballistic Gun Light Assault Rifle Launcher Grenade Launcher Build | -11 -10 -10 -10 -9 ------- Run | Yrd Mat Min Exi Min Slots Evolved . | . . . . . Power . | . . . . . Propulsion . | . . . . . Utility . | . . . . . Weapon . | . . . . . Parts Attached 28 | 4 13 7 2 2 Power 1 | . 1 . . . Engine 1 | . 1 . . . Core . | . . . . . Reactor . | . . . . . Propulsion 9 | 3 2 3 1 . Treads 5 | 2 2 1 . . Leg 1 | . . 1 . . Wheel 3 | 1 . 1 1 . Hover . | . . . . . Flight . | . . . . . Utility 5 | 1 2 1 1 . Device 3 | 1 2 . . . Storage 2 | . . 1 1 . Processor . | . . . . . Hackware . | . . . . . Protection . | . . . . . Artifact . | . . . . . Weapon 13 | . 8 3 . 2 Energy Gun 4 | . 4 . . . Energy Cannon 3 | . 2 1 . . Ballistic Gun 2 | . 2 . . . Ballistic Cannon . | . . . . . Launcher 4 | . . 2 . 2 Special Weapon . | . . . . . Impact Weapon . | . . . . . Slashing Weapon . | . . . . . Piercing Weapon . | . . . . . Special Melee Weapon . | . . . . . Unidentified Prototypes . | . . . . . Parts Lost 6 | . 2 1 . 3 Power 1 | . 1 . . . Propulsion 2 | . . 1 . 1 Utility 1 | . . . . 1 Weapon 2 | . 1 . . 1 Highest Loss Streak 3 | . 2 1 . 3 To Critical Strikes 1 | . . 1 . . Average Slot Usage (%) 97 | . 88 99 100 85 Engine 13 | . 9 14 14 14 Treads 13 | . 11 13 13 . Wheel 14 | . 14 14 14 28 Device 13 | . 12 14 14 . Storage 14 | . 14 14 14 14 Energy Gun 2 | . 13 . . . Energy Cannon 19 | . 7 23 14 . Launcher 5 | . . 4 14 28 Peak Build Rating 11 | 7 8 8 11 11 Average Rating 7 | 6 6 7 9 10 On Entrance 8 | 6 7 8 8 11 Naked Turns . | . . . . . Heaviest Build 52 | 11 17 32 52 52 Greatest Support 20 | 16 20 20 20 20 Greatest Overweight (x) 10 | . 1 10 5 2 Average Overweight (x) 1 | . . 2 3 2 Largest Inventory Capacity 20 | 8 8 15 20 20 Average Capacity 13 | 8 8 14 16 20 Most Carried 16 | 7 8 12 16 16 Average Carried 10 | 6 7 10 13 15 Final Capacity 20 | 8 8 15 20 20 Final Carried 16 | 7 8 12 16 15 Class Distribution -------------------- 100% | Mutant Dominant Class ---------------- Mutant | -10/Materials Mutant | -10/Mines Mutant | -10/Exiles Mutant | -9/Mines Resources | -11 -10 -10 -10 -9 ----------- Run | Yrd Mat Min Exi Min Matter Collected 883 | 230 125 528 . . Remotely . | . . . . . Salvage Created 925 | 161 156 590 . 18 Parts 77 | 14 14 49 . . Haulers Intercepted 1 | . 1 . . . Recyclers Shooed . | . . . . . Parts Field Recycled . | . . . . . Retrieved Matter . | . . . . . Parts Self-Destructed . | . . . . . Prevented . | . . . . . Kills | -11 -10 -10 -10 -9 ------- Run | Yrd Mat Min Exi Min Combat Hostiles Destroyed 41 | . 6 20 . 15 Guns 6 | . 6 . . . Cannons 5 | . . 5 . . AOE 30 | . . 15 . 15 Classes Destroyed 7 | 2 3 2 . . Tunneler 10 | 3 . 7 . . Hauler 1 | . 1 . . . Recycler 1 | 1 . . . . Operator 1 | . 1 . . . Swarmer 9 | . 6 3 . . Grunt 16 | . . 16 . . Assembled 16 | . . 1 . 15 Best Kill Streak 15 | 2 3 15 . 15 Combat Bots Only 15 | . 3 9 . 15 Max Kills in Single Turn 10 | 1 1 4 . 10 Gunslinging . | . . . . . Exploded 10 | . . 3 . 10 Melee . | . . . . . Uniques/NPCs Destroyed . | . . . . . Combat | -11 -10 -10 -10 -9 -------- Run | Yrd Mat Min Exi Min Hostile Shots Fired 100 | . 51 29 . 20 Missed 32 | . 17 8 . 7 Damage Taken 897 | . 270 417 . 210 Core 252 | . 99 105 . 48 Absorbed by Shields . | . . . . . Core Remaining (%) 100 | 100 . . . . Volleys Fired 69 | 8 19 38 . 4 Largest 2 | 2 2 2 . 2 Hottest 120 | 80 120 120 . 63 Shots Fired 105 | 16 37 47 . 5 Gun 43 | 16 27 . . . Cannon 30 | . 10 20 . . Launcher 32 | . . 27 . 5 Special . | . . . . . Kinetic 6 | . 6 . . . Thermal 67 | 16 31 20 . . Explosive 32 | . . 27 . 5 Electromagnetic . | . . . . . Robot Hit Streak 9 | 4 3 7 . 9 Robot Miss Streak 4 | 2 4 2 . . Penetration Max . | . . . . . Secondary Targets . | . . . . . Shots Hit Robots 53 | 10 17 23 . 3 Core Hits 88 | 5 8 40 . 35 Critical Kills . | . . . . . Critical Parts Destroyed 1 | . 1 . . . Critical Strikes 1 | . 1 . . . Destroy 1 | . 1 . . . Melee Attacks . | . . . . . Impact . | . . . . . Slashing . | . . . . . Piercing . | . . . . . Sneak Attacks . | . . . . . Combat Hostiles . | . . . . . Follow-up Attacks . | . . . . . Damage Inflicted 2847 | 113 209 1416 . 1109 Guns 234 | 113 121 . . . Cannons 299 | . 88 211 . . Explosions 2303 | . . 1194 . 1109 Melee . | . . . . . Ramming 11 | . . 11 . . Kinetic 25 | . 25 . . . Thermal 508 | 113 184 211 . . Explosive 2303 | . . 1194 . 1109 Electromagnetic . | . . . . . Impact . | . . . . . Slashing . | . . . . . Piercing . | . . . . . Highest Corruption . | . . . . . Average Corruption . | . . . . . Corruption Purged . | . . . . . Corruption Blocked . | . . . . . Overload Shots . | . . . . . Overflow Damage 21 | . 5 . . 16 Projectiles 5 | . 5 . . . Explosions 16 | . . . . 16 Melee . | . . . . . Knockbacks . | . . . . . Impact . | . . . . . Kinetic . | . . . . . Secondary . | . . . . . Self-Inflicted Damage 193 | . . 171 . 22 Shots 9 | . . 8 . 1 Rammed 2 | . . 2 . . Targets Rammed 2 | . . 2 . . Kicked . | . . . . . Crushed . | . . . . . Highest Temperature 186 | 54 120 186 . 23 Average Temperature 44 | 26 43 63 . 15 Received Heat Transfer 152 | . . 132 . 20 Siege Activations . | . . . . . Robots Corrupted . | . . . . . Combat Hostiles . | . . . . . Parts Fried . | . . . . . Impact Corruptions . | . . . . . Robots Melted . | . . . . . Combat Hostiles . | . . . . . Parts Melted 3 | . 2 1 . . Heat Transferred 1104 | 250 410 444 . . Parts Sabotaged . | . . . . . Parts Stolen . | . . . . . Parts Stripped . | . . . . . Power Chain Reactions . | . . . . . Alert | -11 -10 -10 -10 -9 ------- Run | Yrd Mat Min Exi Min Peak Influence 483 | 20 205 483 . 10 Initial 79 | . 13 79 . . Average 156 | 11 144 171 . 3 Maximum Alert Level 2 | . 1 2 . . Low Security (%) 58 | 100 84 47 . 100 Level 1 27 | . 15 33 . . Level 2 13 | . . 18 . . Level 3 . | . . . . . Level 4 . | . . . . . Level 5 . | . . . . . High Security . | . . . . . Max Security . | . . . . . Squads Dispatched 3 | . 3 . . . Investigation 1 | . 1 . . . Extermination . | . . . . . Reinforcement 2 | . 2 . . . Assault . | . . . . . Garrison . | . . . . . Intercept . | . . . . . Searches Triggered . | . . . . . Construction Impeded . | . . . . . Haulers Reinforced . | . . . . . Active Scanning Responses . | . . . . . Cargo Convoy Interrupts . | . . . . . Stealth | -11 -10 -10 -10 -9 --------- Run | Yrd Mat Min Exi Min Distress Signals 4 | . 1 3 . . Communications Jammed . | . . . . . Distress Signals . | . . . . . Times Spotted 48 | . 13 15 . 20 Peak Tracking Total 20 | . 4 3 . 20 Tactical Retreats 1 | . 1 . . . Traps | -11 -10 -10 -10 -9 ------- Run | Yrd Mat Min Exi Min Traps Triggered 3 | . 3 . . . Indirectly . | . . . . . Trap Hack Attempts . | . . . . . Triggered . | . . . . . Disarmed . | . . . . . Reprogrammed . | . . . . . Reused . | . . . . . Traps Extracted . | . . . . . Installed . | . . . . . Triggered . | . . . . . Machines | -11 -10 -10 -10 -9 ---------- Run | Yrd Mat Min Exi Min Machines Disabled 6 | . . 6 . . Max in Single Turn 2 | . . 2 . . Machines Repaired . | . . . . . Machines Dismantled . | . . . . . Machines Sabotaged . | . . . . . Overloaded Fab Kills . | . . . . . Hacking | -11 -10 -10 -10 -9 --------- Run | Yrd Mat Min Exi Min Machines Accessed 3 | . 1 . 2 . Terminals 1 | . 1 . . . Fabricators . | . . . . . Repair Stations . | . . . . . Recycling Units . | . . . . . Scanalyzers . | . . . . . Garrison Access . | . . . . . Total Hacks 6 | . 4 . 2 . Successful 5 | . 3 . 2 . Failed 1 | . 1 . . . Catastrophic . | . . . . . Database Lockouts . | . . . . . Manual 5 | . 4 . 1 . Terminals 4 | . 4 . . . Fabricators . | . . . . . Repair Stations . | . . . . . Recycling Units . | . . . . . Scanalyzers . | . . . . . Garrison Access . | . . . . . Terminal Hacks 5 | . 3 . 2 . Record 1 | . . . 1 . Prototype ID Bank 1 | . 1 . . . Terminal Index 1 | . 1 . . . Zone Layout 1 | . 1 . . . Derelict Proto ID Bank 1 | . . . 1 . Fabricator Hacks . | . . . . . Repair Station Hacks . | . . . . . Recycling Unit Hacks . | . . . . . Scanalyzer . | . . . . . Garrison Access Hacks . | . . . . . Unauthorized Hacks . | . . . . . Terminals . | . . . . . Fabricators . | . . . . . Repair Stations . | . . . . . Recycling Units . | . . . . . Scanalyzers . | . . . . . Garrison Access . | . . . . . Data Cores Recovered . | . . . . . Used . | . . . . . Hacking Detections 1 | . 1 . . . Full Trace Events 1 | . 1 . . . Feedback Events . | . . . . . Feedback Blocked . | . . . . . Robot Schematics Acquired . | . . . . . Robots Built . | . . . . . Authchips . | . . . . . Time . | . . . . . Total Robot Build Rating . | . . . . . Part Schematics Acquired . | . . . . . Parts Built . | . . . . . Authchips . | . . . . . Time . | . . . . . Total Part Build Rating . | . . . . . Parts Repaired . | . . . . . Time . | . . . . . Parts Recycled . | . . . . . Recycled Matter . | . . . . . Retrieved Matter . | . . . . . Retrieved Components . | . . . . . Parts Scanalyzed . | . . . . . Part Schematics Acquired . | . . . . . Parts Damaged . | . . . . . Bothacking | -11 -10 -10 -10 -9 ------------ Run | Yrd Mat Min Exi Min Used RIF Installer . | . . . . . Robots Hacked . | . . . . . Non-combat . | . . . . . Combat . | . . . . . Robot Hacks Applied . | . . . . . Relay Couplers Released . | . . . . . Fabnet Peak Effective % . | . . . . . Robots Rewired . | . . . . . Allies Hacked . | . . . . . Hacks Repelled . | . . . . . Allies | -11 -10 -10 -10 -9 -------- Run | Yrd Mat Min Exi Min Total Allies . | . . . . . Largest Group . | . . . . . Highest-Rated Group . | . . . . . Highest-Rated Ally . | . . . . . Total Orders . | . . . . . Ally Attacks . | . . . . . Total Damage . | . . . . . Kills . | . . . . . Allies Corrupted . | . . . . . Allies Melted . | . . . . . Intel | -11 -10 -10 -10 -9 ------- Run | Yrd Mat Min Exi Min Robot Analysis Total . | . . . . . Derelict Logs Recovered . | . . . . . Drone Launches . | . . . . . Drone Recoveries . | . . . . . Exploration | -11 -10 -10 -10 -9 ------------- Run | Yrd Mat Min Exi Min Turns Passed 1972 | 92 324 1208 336 12 Spaces Moved 909 | 62 199 390 256 2 Core 1 | . . 1 . . Treads 7 | . 3 4 . . Legs . | . . . . . Wheels 901 | 62 196 385 256 2 Hover . | . . . . . Flight . | . . . . . Fastest Speed 100 | 100 100 115 110 110 Average Speed 119 | 100 103 122 129 110 Slowest Speed 550 | 100 160 550 155 110 Overloaded Moves . | . . . . . Propulsion Burnouts . | . . . . . Robots Hopped . | . . . . . Cave-ins Triggered . | . . . . . Exploration Rate (%) 34 | 4 34 66 61 7 Regions Visited 4 Branch Regions 3 Pre-discovered Areas 1 | . . . 1 . Known Exits Taken . | . . . . . Unknown Exits Taken 4 | 1 1 1 1 . Scrap Searched 1 | . . 1 . . Spaces Dug 21 | . . 21 . . Terrain Destroyed 178 | . . 140 . 38 Melee . | . . . . . Projectile . | . . . . . AOE 178 | . . 140 . 38 Terrain Rammed . | . . . . . Walls Destroyed . | . . . . . Machines Disabled . | . . . . . Actions | -11 -10 -10 -10 -9 --------- Run | Yrd Mat Min Exi Min Total 1691 | 76 279 1068 260 8 Wait 658 | . 34 624 . . Move 905 | 61 198 389 255 2 Hop . | . . . . . Pick Up 13 | 1 6 4 2 . Fast Attach 13 | 1 10 2 . . Attach 6 | 2 2 1 . 1 Detach 6 | 2 2 2 . . Swap 9 | 1 1 4 2 1 Drop 10 | . 7 2 1 . Fire 69 | 8 19 38 . 4 Melee . | . . . . . Ram . | . . . . . Kick . | . . . . . Crush 2 | . . 2 . . Escape Stasis . | . . . . . Rewire . | . . . . . Trap . | . . . . . Miscellaneous . | . . . . . Route ------- -11/Scrapyard -10/Materials -10/Mines (discovered 3 exits: [*Mat] / *Exi / [*Sub]) -10/Exiles -9/Mines History --------- Turn | Location | Event 15 | -11/Scrapyard | Discovered new exit (range 3) 93 | -11/Scrapyard | Entered Materials 306 | -10/Materials | Discovered new exit (range 16) 307 | -10/Materials | Build established: Mutant 417 | -10/Materials | Entered Mines 431 | -10/Mines | Core integrity fell below 50% 524 | -10/Mines | Received a Rocket Launcher from a helpful Derelict 612 | -10/Mines | Excavation squad dispatched 612 | -10/Mines | A large section of the Mines collapsed 862 | -10/Mines | Excavation squad dispatched 1112 | -10/Mines | Excavation squad dispatched 1362 | -10/Mines | Excavation squad dispatched 1375 | -10/Mines | Core integrity fell below 20% 1410 | -10/Mines | Discovered new exit (range 10) 1418 | -10/Mines | Destroyed 9 combat bots 1512 | -10/Mines | Discovered new exit (range 10) 1619 | -10/Mines | Deemed a non-threat by the Exiles lab entrance 1620 | -10/Mines | Discovered new exit (range 5) 1625 | -10/Mines | Entered Exiles 1655 | -10/Exiles | Met 8R-AWN 1677 | -10/Exiles | Met EX-HEX 1719 | -10/Exiles | Met EX-BIN 1733 | -10/Exiles | Aligned with FarCom system 1734 | -10/Exiles | Given EX-Vault access code 1763 | -10/Exiles | Opened EX-Vault 1770 | -10/Exiles | Found AWS/Autocannon 1799 | -10/Exiles | Warned to stay clear of 0b10 Research branches 1834 | -10/Exiles | Met EX-DEC 1843 | -10/Exiles | Learned location of Zion (-6) 1951 | -10/Exiles | Discovered new exit (range 10) 1961 | -10/Exiles | Left Exiles lab with AWS/Autocannon 1961 | -10/Exiles | Entered Mines 1962 | -9/Mines | Assembled infested the area 1967 | -9/Mines | Assisted by a Guerilla fighting off Assembled 1973 | -9/Mines | Destroyed self with Rocket Launcher Last Messages --------------- 01969_ Heat Sink destroyed. 01969_ HV Slug penetrates Wall. 01970_ as-04879 destroyed. 01970_ as-47524 destroyed. 01970_ as-84607 destroyed. 01970_ Destroyed Asb. F-torch. 01970_ as-93092 destroyed. 01970_ as-16027 destroyed. 01970_ as-59285 destroyed. 01970_ as-25500 destroyed. 01970_ as-92089 destroyed. 01970_ Destroyed Asb. Hover Unit. 01970_ as-12211 destroyed. 01970_ as-04950 destroyed. 01971_ as-20369 destroyed. 01973_ The unstable cave ceiling collapses. 01973_ as-44102 destroyed. 01973_ as-69220 destroyed. 01973_ Wheel destroyed. 01973_ Destroyed Wheel. Map ----- +----------------------------------------------------+ | | | | | | | | | | | | | | | | | | | | | | | | | | | | | | | | | ?????????????????????????????????????????????? | | ?????????????????????????????????????????????? | | ??????????#?##???????????????????????????????? | | ?????????## # ###???????????????????????????? | | ?????????# #??????????????????????????? | | ??????? ## # ???####??????????????????? | | ??????? a ### ##?????????????????? | | ?????? a < % ##????????????????? | | ?????? ##???????????????? | | ?????? a@ #??????????? | | ?????? ## #???????????? | | ?????? ### ## h ##??????? ##???????????? | | ???????????????## ##??????????????????????? | | ????????????????## ##???????????????????????? | | ?????????????????####????????????????????????? | | ?????????????????????????????????????????????? | | ?????????????????????????????????????????????? | | ?????????????????????????????????????????????? | | ?????????????????????????????????????????????? | | ?????????????????????????????????????????????? | | ?????????????????????????????????????????????? | | ?????????????????????????????????????????????? | | ?????????????????????????????????????????????? | | ?????????????????????????????????????????????? | | ?????????????????????????????????????????????? | | ?????????????????????????????????????????????? | | ?????????????????????????????????????????????? | | ?????????????????????????????????????????????? | | ?????????????????????????????????????????????? | | ?????????????????????????????????????????????? | | ?????????????????????????????????????????????? | | ?????????????????????????????????????????????? | | ?????????????????????????????????????????????? | | ?????????????????????????????????????????????? | +----------------------------------------------------+ Best States ------------- Heat Dissipation 35 Energy Generation 10 Energy Capacity 250 Matter Stores 300 Matter Capacity 300 Sight Range 16 Terrain Scan Density 10 Evasion (%) 40 Recoil Reduction 1 Item Schematics ----------------- None Robot Schematics ------------------ None Fabricated ------------ Nothing Alien Tech Used ----------------- None Achievements -------------- None Challenges ------------ None Game ------ Seed IntegratedDisruptionComputer Manual? 0 Play Time 00:10:58 Cumulative 70.8 hours Start 2025.03.10 @ 13:15:26 End 2025.03.10 @ 13:25:53 Sessions 1 Manual Loads 0 Difficulty Rogue Special Mode None Game No. 76 Rogue 76 Adventurer 0 Explorer 0 Win Type - Total 1 Types 1/0/0/0/0/0/0/0/0 Lore% 35 Gallery% 46 Achievement% 39 Wizard Run 0 Options --------- Layout 0 ASCII 0 Keyboard 1 Movement Numpad Keybinds 0 Fullscreen 1 Font 18/SmallcapsGlow Map View 76x50 Zoom Use 0% Tactical HUD 1 Map Filters NONE Filters NONE Steam 1 RUN: fe752e55-d69c-43f9-8b98-071932bec82a